 Dungeon Crawl Stone Soup version 0.31.0-11-ge490571c62 (webtiles) character file.

Game seed: 14025982629290280299

2744 CougarLife the Cleaver (level 9, 0/76 (79) HPs)
             Began as a Minotaur Berserker on Jan 30, 2024.
             Was an Elder of Trog.
             Slain by a wight
             ... wielding a +4 scimitar of freezing
              (2 damage)
             ... on level 6 of the Dungeon.
             The game lasted 00:06:12 (5920 turns).

CougarLife the Cleaver (Minotaur Berserker)         Turns: 5920, Time: 00:06:12

HP:   0/76 (79)     AC: 10    Str: 24    XL:     9   Next: 41%
MP:   8/8           EV: 13    Int:  6    God:    Trog [****..]
Gold: 270           SH:  0    Dex: 10    Spells: 8/8 levels left

rFire   . . .        j - +0 battleaxe
rCold   . . .        (shield currently unavailable)
rNeg    . . .        l - +0 scale mail
rPois   .            (helmet restricted)
rElec   .            m - +0 cloak
rCorr   .            a - +0 pair of gloves
SInv    .            (no boots)
Will    +....        (no amulet) Stlth
                     q - ring of willpower
HPRegen 0.32/turn    (no ring)
MPRegen 0.11/turn

%: no passive effects
@: on berserk cooldown, slowed, lightly drained, very slow
A: horns 2, retaliatory headbutt
a: Renounce Religion, Berserk, Trog's Hand, Brothers in Arms


You were on level 6 of the Dungeon.
You worshipped Trog.
Trog was greatly pleased with you.
You visited 1 branch of the dungeon, and saw 6 of its levels.

You collected 270 gold pieces.

Inventory:

Hand Weapons
 j - a +0 battleaxe (weapon)
 G - a +3 battleaxe
Missiles
 r - 10 poisoned darts (quivered)
 s - 2 throwing nets
 y - 2 javelins
Armour
 a - a +0 pair of gloves (worn)
 l - a +0 scale mail (worn)
 m - a +0 cloak (worn)
Jewellery
 h - a ring of flight
 q - a ring of willpower (left hand)
Wands
 t - a wand of paralysis (16)
 C - a wand of mindburst (13)
Scrolls
 b - 2 scrolls of fog
 g - 6 scrolls of teleportation
 k - a scroll of vulnerability
 v - 5 scrolls of revelation
 A - a scroll of fear
 E - a scroll of noise
 F - a scroll of blinking
Potions
 c - a potion of magic {unknown}
 d - 2 potions of heal wounds {unknown}
 e - a potion of cancellation {unknown}
 f - 2 potions of brilliance {unknown}
 i - a potion of mutation {unknown}
 n - 2 potions of curing
 o - a potion of degeneration {unknown}
 p - a potion of attraction {unknown}
 u - a potion of enlightenment {unknown}
 w - a potion of haste {unknown}
 x - 4 potions of might {unknown}
 z - a potion of ambrosia {unknown}
 B - a potion of berserk rage {unknown}
 D - a potion of lignification {unknown}


   Skills:
 - Level 7.0 Fighting
 * Level 9.6 Axes
 + Level 6.5 Armour
 - Level 9.0 Dodging


You had 8 spell levels left.
You didn't know any spells.
Your spell library was empty.

Dungeon Overview and Level Annotations

Branches:
Dungeon (6/15)             Temple (0/1) D:5

Altars:
Cheibriados
Wu Jian

Annotations:
D:6 3 runed translucent doors


Innate Abilities, Weirdness & Mutations

You have a pair of horns on your head.
You reflexively headbutt those who attack you in melee.


Message History

The wight hits you with a +1 battleaxe. The wight barely misses you.
You completely miss the wight.
The wight is lightly damaged.
The wight hits you with a +1 battleaxe!
You barely miss the wight.
You headbutt the wight, but do no damage.
The wight is lightly damaged.
The wight closely misses you. You furiously retaliate!
You headbutt the wight! The wight barely misses you.
You closely miss the wight. You headbutt the wight.
You destroy the wight!
Trog accepts your kill.
Found a ring mail.
Things that are here:
a +1 battleaxe; a +0 robe A wight comes into view.
It is wielding a +4 scimitar of freezing.
The wight moves out of view.
You start resting.
A wight is nearby!
The wight hits you with a +4 scimitar of freezing!
The wight freezes you.
* * * LOW HITPOINT WARNING * * *
You slash the wight!
The wight is heavily damaged.
The wight hits you with a +4 scimitar of freezing!
* * * LOW HITPOINT WARNING * * *
You feel drained.
* * * LOW HITPOINT WARNING * * *
The wight freezes you.
* * * LOW HITPOINT WARNING * * *
The wight hits you with a +4 scimitar of freezing.
* * * LOW HITPOINT WARNING * * *
You feel drained. The wight freezes you.
* * * LOW HITPOINT WARNING * * *
You completely miss the wight. Your headbutt misses the wight.
The wight is heavily damaged.
The wight hits you with a +4 scimitar of freezing.
* * * LOW HITPOINT WARNING * * *
The wight freezes you.
You die...

#..##
##)....#
#..#
##†)..#
#..#
##..##
#).# #..#
#[)# #..#
#..# #..#
#).#
#..#####
##..#
#.......
#@.##
#...#...
#....z.##
#.....##
##....##
#....##
##[##
#....# .
##
#...##..
#...#...
#.#.#. .
#.#.# ..
#....


You could see a wight.

Vanquished Creatures
  Pikel (D:5)
  Grinder (D:4)
  Eustachio (D:5)
  Menkaure (D:4)
  A sky beast (D:6)
  2 black bears
  An orc warrior (D:6)
  An ogre (D:6)
  2 centaurs
  A lemure (D:5)
  A kobold brigand (D:6)
  A bullfrog (D:6)
  Blork the orc (D:4)
  4 wights (D:6)
  A bombardier beetle (D:5)
  3 hounds
  A jelly (D:5)
  4 orc priests
  Crazy Yiuf (D:2)
  A gnoll bouda (D:6)
  An orc wizard (D:5)
  Natasha (thrice) (D:2)
  An iguana (D:6)
  12 gnolls
  10 adders
  A shadow imp (D:5)
  A white imp (D:6)
  4 ufetubi
  A ribbon worm (D:2)
  4 dart slugs
  18 orcs
  9 ball pythons
  6 bats
  8 endoplasms
  3 giant cockroaches
  8 goblins
  5 hobgoblins
  4 jackals (D:2)
  9 kobolds
  5 quokkas
  5 frilled lizards
  9 rats
157 creatures vanquished.

Notes
Turn   | Place    | Note
-------+----------+-------------------------------------------
     0 | D:1      | CougarLife the Minotaur Berserker began the quest for the
                  | Orb.
     0 | D:1      | Reached XP level 1. HP: 19/19 MP: 0/0
    35 | D:1      | Found a faded altar of an unknown god.
   253 | D:1      | Reached XP level 2. HP: 26/27 MP: 1/1
   821 | D:2      | Reached ** piety under Trog
   835 | D:2      | Reached XP level 3. HP: 33/33 MP: 2/2
   938 | D:2      | Reached skill level 5 in Axes
  1255 | D:2      | Found a runed translucent door.
  1256 | D:2      | Noticed Crazy Yiuf
  1302 | D:2      | Reached XP level 4. HP: 41/41 MP: 3/3
  1364 | D:2      | Noticed Natasha
  1372 | D:2      | Killed Natasha
  1619 | D:2      | Noticed Natasha
  1630 | D:2      | Killed Natasha
  1715 | D:2      | Killed Crazy Yiuf
  1716 | D:2      | Reached skill level 5 in Fighting
  1716 | D:2      | Reached XP level 5. HP: 44/48 MP: 4/4
  1831 | D:2      | Noticed Natasha
  1836 | D:2      | Killed Natasha
  2242 | D:3      | Reached XP level 6. HP: 52/56 MP: 5/5
  2300 | D:3      | Found an ornate altar of the Wu Jian Council.
  2913 | D:3      | Identified the +5 chain mail "Fogio" {rC+ rCorr}
  2972 | D:3      | Found a snail-covered altar of Cheibriados.
  3099 | D:3      | Reached *** piety under Trog
  3581 | D:4      | Noticed Grinder
  3590 | D:4      | Killed Grinder
  3591 | D:4      | Reached XP level 7. HP: 64/64 MP: 6/6
  3715 | D:4      | Noticed Menkaure
  3721 | D:4      | Killed Menkaure
  3918 | D:4      | Noticed Blork the orc
  3926 | D:4      | Killed Blork the orc
  4146 | D:5      | Entered Level 5 of the Dungeon
  4223 | D:5      | Noticed Eustachio
  4237 | D:5      | Killed Eustachio
  4238 | D:5      | Reached XP level 8. HP: 62/73 MP: 7/7
  4242 | D:5      | Reached skill level 5 in Dodging
  4406 | D:5      | Noticed Pikel
  4418 | D:5      | Killed Pikel
  4845 | D:5      | Found a staircase to the Ecumenical Temple.
  5200 | D:6      | Reached XP level 9. HP: 50/79 MP: 8/8
  5627 | D:6      | Reached **** piety under Trog
  5632 | D:6      | Reached skill level 5 in Armour
  5778 | D:6      | Found a runed translucent gate.
  5780 | D:6      | Found a runed translucent gate.
  5785 | D:6      | Found a runed translucent gate.
  5920 | D:6      | HP: 2/76 [wight/+4 scimitar of freezing (3)]
  5920 | D:6      | Slain by a wight

Illustrated notes

Levels and vault maps discovered:
D:1:      spicycebolla_green_bress_n_ham, layout_basic, serial_corexii_hall,
          corexii_hall_statues_l, chequers_hall_statues_y,
          shapermc_ecumenical_altar_venn, minivault_25
D:2:      layout_loops_ring, uniq_crazy_yiuf_cottage, uniq_natasha
D:3:      minmay_razor_zed, layout_loops_corners, mainiacjoe_overflow_24_doors,
          nicolae_wu_jian_wuxing_cycle, nicolae_twisty_statue_hallways
D:4:      layout_rooms, minmay_surrounded, uniq_grinder, uniq_blork_the_orc,
          uniq_menkaure
D:5:      nicolae_cairo_tiling, layout_rooms, uniq_eustachio, uniq_pikel
D:6:      layout_layer_cave, gammafunk_ghost_icy

Skill      XL: |  1  2  3  4  5  6  7  8  9 |
---------------+----------------------------+-----
Axes           | 4 5 6 8 9 |  9.6
Fighting       | 4 5 6 7 |  7.0
Dodging        | 4 9 |  9.0
Armour         | 3 6 |  6.5

Action                     |  1- 3 |  4- 6 |  7- 9 || total
---------------------------+-------+-------+-------++-------
  Melee: Hand axe          |    82 |   111 |    81 ||   274
         Headbutt          |    17 |    17 |    32 ||    66
         Punch             |     1 |       |     2 ||     3
         War axe           |       |       |    71 ||    71
         Battleaxe         |       |       |    14 ||    14
 Invoke: Berserk           |       |     4 |     5 ||     9
    Use: Scroll            |       |       |     8 ||     8
 Armour: Animal skin       |    15 |       |       ||    15
         Scale mail        |    32 |    84 |   157 ||   273
  Dodge: Dodged            |    42 |    57 |   117 ||   216
